 Dungeon Crawl Stone Soup version 0.31-a0-263-ge8cad7f256 (webtiles) character file.

Game seed: 10517127897304963965

147125 spiderkeys the Spear-Bearer (level 16, -38/134 HPs)
             Began as a Demonspawn Gladiator on July 12, 2023.
             Was a High Priest of Sif Muna.
             Killed from afar by Nikola (45 damage)
             ... with a bolt of lightning
             ... on level 4 of the Snake Pit on July 14, 2023.
             The game lasted 01:22:20 (39074 turns).

spiderkeys the Spear-Bearer (Demonspawn Gladiator) Turns: 39074, Time: 01:22:21

Health: -38/134    AC: 19    Str: 16    XL:     16   Next: 91%
Magic:  10/29      EV: 20    Int: 16    God:    Sif Muna [*****.]
Gold:   1011       SH:  0    Dex: 18    Spells: 15/35 levels left

rFire   + + +        T - +10 glaive of Oshuts {freeze, rPois rN+ Int-2}
rCold   . . .        (shield currently unavailable)
rNeg    + . .        w - +5 robe of Night {Dark Will+ SInv}
rPois   +            e - +0 hat {SInv}
rElec   .            a - +1 cloak {rPois}
rCorr   .            N - +2 pair of gloves of Misanthropy {Will+ Dex+3}
SInv    +            (no boots)
Will    +++++        z
                       - Hermit's Pendant {Faith Invo=14 Evo=0 MP+5}
Stlth   +            H - ring "Qimedgh" {Drain rPois rF+++ rC+ Stlth-}
HPRegen 0.42/turn    l - ring of Gluttony {rC- Will+++ AC+4}
MPRegen 0.21/turn

%: clarity, faith
@: contaminated, glowing, studying Fighting
A: hooves 2, rugged brown scales 3, ignite blood 2, demonic magic 1, horns 1,
clarity, clever 1, low MP 2
a: Renounce Religion, Channel Magic, Forget Spell, Divine Exegesis


You were on level 4 of the Snake Pit.
You worshipped Sif Muna.
Sif Muna was extremely pleased with you.
You visited 5 branches of the dungeon, and saw 27 of its levels.
You also visited: Gauntlet and Ice Cave.

You collected 2660 gold pieces.
You spent 1649 gold pieces at shops.


Innate Abilities, Weirdness & Mutations

You have hoof-like feet.
You are completely covered in rugged brown scales. (AC +3, +7% HP)
Your demonic aura often causes spilled blood to erupt in flames.
Spells you cast may paralyse adjacent enemies.
You have a pair of small horns on your head.
You possess an exceptional clarity of mind.
Your mind is acute. (Int +4, Str/Dex -1)
Your magical capacity is very low. (-20% MP)


   Skills:
 - Level 11.5 Fighting
 - Level 14.0 Polearms
 - Level 2.0 Throwing
 + Level 12.7 Dodging
 - Level 5.0 Stealth
 - Level 10.0 Spellcasting
 - Level 10.0 Conjurations
 + Level 4.7 Hexes
 + Level 9.8 Necromancy
 + Level 10.9 Transmutations


You had 15 spell levels left.
You knew the following spells:

 Your Spells              Type           Power      Damage    Failure   Level
c - Death Channel         Necr           19%        N/A       26%         6
d - Dispel Undead         Necr           39%        3d16      1%          4
i - Irradiate             Conj/Tmut      20%        3d18      3%          5
y - Yara's Violent Unrav  Hex/Tmut       16%        3d8       10%         5

Your spell library contained the following spells:

 Spells                   Type           Power      Damage    Failure   Level
 Foxfire                  Conj/Fire      96%        2x1d8     1%          1
 Kiss of Death            Conj/Necr      100%       2d13      1%          1
 Magic Dart               Conj           100%       1d8       1%          1
 Necrotise                Necr           100%       1d9       1%          1
 Shock                    Conj/Air       96%        1d9       1%          1
 Slow                     Hex            92%        N/A       1%          1
 Passwall                 Tmut/Erth      20%        N/A       1%          2
 Sublimation of Blood     Necr           39%        N/A       1%          2
 Dazzling Flash           Conj/Hex       62%        N/A       1%          3
 Cigotuvi's Dreadful Rot  Necr/Pois/Air  36%        N/A       3%          2
 Hailstorm                Conj/Ice       24%        3d7       3%          3
 Stone Arrow              Conj/Erth      48%        3d10      3%          3
 Confusing Touch          Hex            23%        N/A       4%          3
 Tukima's Dance           Hex            23%        N/A       4%          3
 Anguish                  Hex/Necr       15%        N/A       4%          4
 Fulminant Prism          Conj/Hex       15%        3d10      4%          4
 Agony                    Necr           39%        N/A       4%          5
 Iskenderun's Battlesphe  Conj           40%        2d9       4%          5
 Ignite Poison            Fire/Tmut/Pois 19%        N/A       6%          3
 Apportation              Tloc           16%        N/A       9%          1
 Summon Small Mammal      Summ           32%        N/A       9%          1
 Petrify                  Tmut/Erth      25%        N/A       10%         4
 Flame Wave               Conj/Fire      24%        2d8       12%         4
 Iskenderun's Mystic Bla  Conj/Tloc      24%        2d7       12%         4
 Sticky Flame             Conj/Fire      24%        2d5       12%         4
 Cause Fear               Hex            11%        N/A       13%         4
 Blink                    Tloc           16%        N/A       14%         2
 Call Imp                 Summ           16%        N/A       14%         2
 Swiftness                Air            8%         N/A       26%         3
 Vhi's Electric Charge    Tloc/Air       16%        N/A       26%         3
 Volatile Blastmotes      Fire/Tloc      16%        2d11      26%         3
 Alistair's Intoxication  Tmut/Pois      16%        N/A       26%         5
 Arcjolt                  Conj/Air       12%        1d22      32%         5
 Leda's Liquefaction      Hex/Erth       7%         N/A       34%         4
 Borgnjor's Vile Clutch   Necr/Erth      11%        N/A       34%         5
 Airstrike                Air            4%         2d(1-17)  65%         4
 Animate Armour           Summ/Erth      16%        N/A       65%         4
 Manifold Assault         Tloc           8%         N/A       65%         4
 Passage of Golubria      Tloc           8%         N/A       65%         4
 Summon Ice Beast         Ice/Summ       8%         N/A       65%         4
 Summon Lightning Spire   Summ/Air       8%         N/A       65%         4
 Metabolic Englaciation   Hex/Ice        7%         N/A       67%         5
 Silence                  Hex/Air        7%         N/A       67%         5
 Conjure Ball Lightning   Conj/Air       12%        3x3d6     87%         6
 Starburst                Conj/Fire      12%        6d5       87%         6
 Simulacrum               Ice/Necr       11%        N/A       88%         6
 Plasma Beam              Fire/Air       4%         2x1d14    100%        6
 Enfeeble                 Hex            11%        N/A       100%        7
 Haunt                    Necr/Summ      11%        N/A       100%        7
 Malign Gateway           Summ/Tloc      4%         N/A       100%        7
 Monstrous Menagerie      Summ           4%         N/A       100%        7
 Spellforged Servitor     Conj/Summ      12%        N/A       100%        7
 Borgnjor's Revivificati  Necr           19%        N/A       100%        8
 Infestation              Necr           19%        N/A       100%        8
 Lehudib's Crystal Spear  Conj/Erth      12%        10d4      100%        8
 Maxwell's Capacitive Co  Air            4%         ∞         100%        8
 Summon Horrible Things   Summ           4%         N/A       100%        8
 Chain Lightning          Conj/Air       12%        3d16      100%        9
 Death's Door             Necr           19%        N/A       100%        9
 Fire Storm               Conj/Fire      12%        8d3       100%        9

Inventory:

Hand Weapons
 Q - a +4 trident of freezing
   (You took it off a wight on level 6 of the Dungeon)
 T - the +10 glaive of Oshuts (weapon) {freeze, rPois rN+ Int-2}
   (You bought it in a shop on level 2 of the Orcish Mines)

   Int:       It affects your intelligence (-2).
   rPois:     It protects you from poison.
   rN:        It protects you from negative energy.
Missiles
 d - 6 throwing nets (quivered) {=f!f}
 j - 7 curare-tipped darts {=f}
 y - 43 poisoned darts
Armour
 a - a +1 cloak of poison resistance (worn)
   (You found it in a Gauntlet)
 e - a +0 hat of see invisible (worn)
   (You took it off Gastronok on level 10 of the Dungeon)
 h - a +0 troll leather armour
   (You found it on level 10 of the Dungeon)
 u - a +0 pair of boots
   (You found it on level 4 of the Snake Pit)
 w - the +5 robe of Night (worn) {Dark Will+ SInv}
   (You found it on level 11 of the Dungeon)

   Dark:      It shrouds the wearer in darkness, reducing the range at which
   they can see and be seen by others.
   SInv:      It lets you see invisible.
   Will:      It increases your willpower.
 N - the +2 pair of gloves of Misanthropy (worn) {Will+ Dex+3}
   (You found it on level 13 of the Dungeon)

   Dex:       It affects your dexterity (+3).
   Will:      It increases your willpower.
 U - a +1 buckler of cold resistance
   (You found it in an ice cave)
Magical Staves
 m - a staff of conjuration {!a}
   (You found it on level 6 of the Dungeon)
Jewellery
 l - the ring of Gluttony (right hand) {rC- Will+++ AC+4}
   (You found it on level 2 of the Dungeon)

   [ring of protection]

   AC:        It affects your AC (+4).
   rC:        It makes you vulnerable to cold.
   Will:      It greatly increases your willpower.
 q - the ring "Ezio" {rCorr Int+6 Dex+3}
   (You found it in an ice cave)

   [ring of intelligence]

   Int:       It affects your intelligence (+6).
   Dex:       It affects your dexterity (+3).
   rCorr:     It protects you from acid and corrosion.
 z - the Hermit's Pendant (around neck) {Faith Invo=14 Evo=0 MP+5}
   (You found it on level 7 of the Dungeon)

   [amulet of faith]

   Invo=14: It sets your Invocations skill to 14.
   Evo=0: It sets your Evocations skill to 0.
   It allows you to gain divine favour quickly.
   MP:        It affects your magic capacity (+5).
 A - the ring "Faghuot" {rF+ MP+9 Str+4 Int+3}
   (You found it on level 4 of the Dungeon)

   [ring of magical power]

   Str:       It affects your strength (+4).
   Int:       It affects your intelligence (+3).
   rF:        It protects you from fire.
   MP:        It affects your magic capacity (+9).
 C - a ring of protection from cold
   (You found it in a Gauntlet)
 H - the ring "Qimedgh" (left hand) {Drain rPois rF+++ rC+ Stlth-}
   (You found it on level 7 of the Dungeon)

   [ring of poison resistance]

   rF:        It renders you almost immune to fire.
   rC:        It protects you from cold.
   rPois:     It protects you from poison.
   Drain:     It drains your maximum health when unequipped.
   Stlth:     It makes you less stealthy.
 Z - a ring of wizardry
   (You found it on level 2 of the Lair of Beasts)
Wands
 n - a wand of flame (19)
   (You found it on level 2 of the Dungeon)
 t - a wand of charming (14)
   (You found it on level 3 of the Lair of Beasts)
 F - a wand of acid (3)
   (You found it on level 4 of the Snake Pit)
 J - a wand of mindburst (35)
   (You took it off Maurice on level 8 of the Dungeon)
Scrolls
 c - 3 scrolls of revelation
 f - 3 scrolls of immolation {!r!r}
 g - a scroll of fear
 k - 6 scrolls of amnesia
 p - 4 scrolls of identify {@r1}
 r - 7 scrolls of teleportation {@r4}
 D - 3 scrolls of brand weapon
 E - 5 scrolls of fog
 G - a scroll of enchant armour
 K - 2 scrolls of blinking {!r}
 M - 5 scrolls of poison {!r}
 O - a scroll of vulnerability {!r!r}
Potions
 b - 2 potions of curing {@q1}
 i - 2 potions of invisibility
 o - 6 potions of lignification {!q}
 s - 3 potions of brilliance
 v - 4 potions of enlightenment
 x - 4 potions of mutation {!q}
 I - 2 potions of cancellation
 L - a potion of resistance
 P - a potion of berserk rage {!q}
 R - 2 potions of magic
 S - 2 potions of attraction {!q}
 V - a potion of might
Miscellaneous
 W - a sack of spiders
   (You found it in an ice cave)
 X - a lightning rod (4/4)
   (You found it in a Gauntlet)
 Y - a phial of floods
   (You found it on level 14 of the Dungeon)

Dungeon Overview and Level Annotations

Branches:
Dungeon (15/15) Zot: 24753  Temple (1/1) D:7 Zot: 5765    Lair (5/5) D:10 Zot: 22175
 Shoals (0/4) Lair:3        Snake (4/4) Lair:2 Zot: 19155   Slime (0/5) Lair:4
    Orc (2/2) D:11 Zot: 9310     Elf (0/3) Orc:2        Vaults (0/5) D:13
 Depths (0/4) D:15          IceCv (visited)         Gauntlet (visited)

Altars:
Ashenzari
Cheibriados
Dithmenos
Fedhas
Gozag
Hepliaklqana
Kikubaaqudgha
Makhleb
Nemelex Xobeh
Okawaru
Qazlal
Ru
Sif Muna
Trog
Uskayaw
Vehumet
Wu Jian
Xom
Yredelemnul
Jiyva

Shops:
D:8 :   D:10 (   D:11 [   Orc:1 *   Orc:2 *?:(   Snake:2 ?*

Annotations:
D:5 1 transporter
D:8 1 runed translucent door, greasedhog's ghost, novice OgFi
Lair:4 exclusion: 4 oklob plants
Snake:4 1 runed translucent door, Caumakya's ghost, adept MiFi; Nikola

##### #...#####
###.......# #..........
#.......... #..@○....
##..@.... ##.......
####...<....
#..#(.......
#...#.......
####.........
##...◑...............
##......[..............


You could see Nikola.


Message History

You see here Sif Muna's Spellbook of Puissant Changing {god gift}.
Sif Muna grants you a gift!
You feel sick. 😮 HP[-1] MP[+1]
You take 1 damage, and now have 78/134 hp.
You pick up Sif Muna's Spellbook of Puissant Changing {god gift} and begin reading...
You add the spells Stone Arrow, Petrify and Fire Storm to your library.
You feel sick.
Found an escape hatch in the ceiling.
You feel sick.
You see here a serpent talisman. 😮 HP[-1]
You take 1 damage, and now have 77/134 hp.
You feel sick. 😮 HP[-1]
You take 1 damage, and now have 76/134 hp.
You feel sick.
You feel sick.
You are no longer poisoned.
Your magical contamination has completely faded away. 😮 HP[+11] MP[+7]
You regained 11 hp, and now have 87/134 hp.
You regained 7 mp, and now have 28/29 mp.
Unknown command.
Key pressed, stopping explore.
Key pressed, stopping explore.
You see here 6 stones.
Nikola the Mad Inventor comes into view.
He is wielding a +2 rapier of electrocution and wearing a +0 cloak of stealth.
Nikola shouts!
Nikola mumbles some strange words.
Nikola blinks! 😎 HP[+47] MP[+1]
Your hp is fully restored (134).
Your mp is fully restored (29).
Nikola gestures wildly while chanting.
Nikola blinks!
You reach to attack!
You hit Nikola. You freeze Nikola.
Casting: Irradiate (dangerous; 3% risk of failure)
Confirm with . or Enter, or press ? or * to list all spells.
You erupt in a fountain of uncontrolled magic!
Nikola is blasted with magical radiation!
You are very lightly contaminated with residual magic.
Malevolent energies surge around you.
Nikola points at you and mumbles some strange words.
The bolt of lightning hits you!! The bolt of lightning misses you.
You hear a shout! x3; You hear an angry hiss.
You hear a shout!
You hear a roar!
You hear a shout!
You hear an angry hiss. 😕 HP[-33] MP[-5]
You take 33 damage, and now have 101/134 hp.
MASSIVE DAMAGE!! (PAUSE)
You lost 5 mp, and now have 24/29 mp.
Casting: Irradiate (dangerous; 3% risk of failure)
Confirm with . or Enter, or press ? or * to list all spells.
You erupt in a fountain of uncontrolled magic!
Nikola is blasted with magical radiation!!!
You are lightly contaminated with residual magic.
Malevolent energies surge around you.
Nikola points at you and mumbles some strange words.
The bolt of lightning hits you!!!
* * * LOW HITPOINT WARNING * * *
The bolt of lightning hits you!!
* * * LOW HITPOINT WARNING * * *
😱 HP[-68] MP[-5]
You take 68 damage, and now have 33/134 hp.
MASSIVE DAMAGE!! (PAUSE)
You lost 5 mp, and now have 19/29 mp.
You feel much better.
Nikola hits you with a +2 rapier of electrocution!
* * * LOW HITPOINT WARNING * * *
😨 HP[+18]
You regained 18 hp, and now have 51/134 hp.
Casting: Irradiate (dangerous; 3% risk of failure)
Confirm with . or Enter, or press ? or * to list all spells.
You miscast Irradiate.
You feel very strange.
You are contaminated with residual magic.
Nikola closely misses you. 😨 MP[-4]
You lost 4 mp, and now have 15/29 mp.
Casting: Irradiate (dangerous; 3% risk of failure)
Confirm with . or Enter, or press ? or * to list all spells.
You erupt in a fountain of uncontrolled magic!
Nikola is blasted with magical radiation!!!
Malevolent energies surge around you.
Nikola hits you with a +2 rapier of electrocution!
* * * LOW HITPOINT WARNING * * *
😨 HP[-8] MP[-5]
You take 8 damage, and now have 43/134 hp.
You lost 5 mp, and now have 10/29 mp.
You slash Nikola! You freeze Nikola. You kick Nikola, but do no damage.
Nikola is engulfed in blazing flames.
Nikola hits you with a +2 rapier of electrocution.
* * * LOW HITPOINT WARNING * * *
😨 HP[-1]
You take 1 damage, and now have 42/134 hp.
You slice Nikola!! You freeze Nikola! Your kick misses Nikola.
Nikola is engulfed in blazing flames.
Nikola points at you and mumbles some strange words.
The bolt of lightning hits you!!
* * * LOW HITPOINT WARNING * * *
The bolt of lightning hits you!!!
You die...

Skill      XL: |  1  2  3  4  5  6  7  8  9 10 11 12 13 14 15 16 |
---------------+-------------------------------------------------+-----
Throwing       | 2 |  2.0
Polearms       | 3 4 5 6 8 9 10 11 12 14 | 14.0
Dodging        | 3 4 5 6 8 9 10 11 12 | 12.7
Fighting       | 3 4 5 7 8 10 11 | 11.5
Stealth        | 2 5 |  5.0
Spellcasting   | 1 4 5 8 10 | 10.0
Conjurations   | 1 6 9 10 | 10.0
Transmutations | 1 5 8 10 | 10.9
Necromancy     | 6 8 9 |  9.8
Hexes          | 4 |  4.7

Action                     |  1- 3 |  4- 6 |  7- 9 | 10-12 | 13-15 | 16-18 || total
---------------------------+-------+-------+-------+-------+-------+-------++-------
  Melee: Trident           |   106 |   139 |   303 |   808 |  1390 |       ||  2746
         Kick              |    15 |    24 |    64 |   228 |   636 |    92 ||  1059
         Punch             |     1 |     2 |       |     5 |    24 |       ||    32
         Headbutt          |       |       |       |    93 |   411 |    57 ||   561
         Glaive            |       |       |       |       |   218 |   329 ||   547
  Throw: Dart              |       |       |     4 |    20 |     7 |       ||    31
         Javelin           |       |       |     2 |       |       |       ||     2
         Boomerang         |       |       |       |       |     2 |       ||     2
   Cast: Irradiate         |       |       |       |       |    27 |    18 ||    45
         Dispel Undead     |       |       |       |       |     2 |       ||     2
         Death Channel     |       |       |       |       |       |     5 ||     5
  Evoke: Wand              |       |     4 |       |     8 |     5 |       ||    17
         Lightning rod     |       |       |       |       |     2 |       ||     2
    Use: Scroll            |     4 |     1 |     5 |    11 |     7 |     2 ||    30
         Potion            |       |       |     2 |     8 |     7 |     3 ||    20
   Stab: Sleeping          |     2 |     2 |     2 |     3 |    17 |     3 ||    29
         Distracted        |       |       |       |     1 |     2 |     6 ||     9
         Petrifying        |       |       |       |       |     1 |     2 ||     3
         Paralysed         |       |       |       |       |     6 |     9 ||    15
         Petrified         |       |       |       |       |       |     3 ||     3
 Armour: Leather armour    |    28 |     3 |       |       |       |       ||    31
         Ring mail         |       |    22 |   152 |    75 |       |       ||   249
         Troll leather arm |       |       |       |    29 |       |       ||    29
         Robe              |       |       |       |   132 |   382 |    85 ||   599
  Dodge: Dodged            |    80 |    53 |   225 |   627 |   954 |   224 ||  2163
  Block: Buckler           |       |       |       |       |    29 |       ||    29

Levels and vault maps discovered:
D:1:      eino_arrival_water_star, layout_basic, corexii_leaking_fountain
D:2:      layout_loops_ring, basic_altar, grunt_decor_junction, hex_tiny,
          minivault_25, uniq_robin, uniq_crazy_yiuf_cottage, uniq_jessica
D:3:      layout_basic, serial_undead, serial_undead_c, serial_undead_c,
          serial_undead_c, serial_undead_e, minmay_ogre_servants, uniq_grinder
D:4:      minmay_recursive_quarters, layout_basic,
          mainiacjoe_overflow_six_doors_small, uniq_sigmund
D:5:      layout_basic, grunt_nemelex_the_gamble, uniq_blork_the_orc
D:6:      layout_rooms, gammafunk_temple_overflow_pools,
          mainiacjoe_overflow_brackets, kennysheep_generic_room_9
D:7:      layout_loops_corners, minmay_temple_entry_statues_fountains
D:8:      layout_rooms, gammafunk_ghost_grave, serial_shops,
          nicolae_shop_crystal, minmay_misc_feat_cross, uniq_maurice, uniq_pikel
D:9:      layout_irregular_city, nicolae_wu_jian_glorious_leap, nicolae_wwwww,
          kennysheep_kite_vault
D:10:     layout_basic, mainiacjoe_overflow_big_doors, david_lair_shrubbed,
          serial_shops, nicolae_shop_tiny_real_fake_doors,
          hangedman_abyss_or_decor_lesser_grid, serial_bayou_pond_c,
          nicolae_looking_at_the_future, uniq_gastronok
D:11:     layout_roguey, orc_0_dummy, serial_shops, shop,
          hellmonk_guarded_unrand_night
D:12:     layout_irregular_city, kennysheep_just_a_vault, uniq_erolcha,
          uniq_rupert
D:13:     layout_basic, hangedman_vaults_entry_quadrant_bands, uniq_nessos
D:14:     layout_rooms, nicolae_lava_and_water
D:15:     gammafunk_depths_entry_grave, layout_loops_cross,
          portal_ice_cave_entry_ice_statue_one, nicolae_ru_path_of_blood,
          uniq_josephine, uniq_jorgrun
Temple:   zaba_magenta_temple
Lair:1:   layout_roguey, infiniplex_staircase_pool, grunt_megastairs_3,
          uniq_erica
Lair:2:   layout_gridlike, minmay_snake_entry_guardpost_small,
          infiniplex_staircase_pool_2, grunt_megastairs_2, lemuel_fruit_tree
Lair:3:   layout_regular_city, minmay_shoals_entry_beasts,
          chequers_serial_rivers_room_a, grunt_forest_stairs_clearing,
          serial_bayou_shore_b, grunt_megastairs_4
Lair:4:   layout_regular_city, minmay_slime_entry_oklob_open,
          beast_lair_carwin_4
Lair:5:   wormcave, layout_long_grid, hangedman_lair_tendril_chambers,
          gauntlet_entry_generic, small_statue_intersection,
          chequers_serial_rivers_small_b, nicolae_quartered_pool_impasse,
          serial_bayou_shore_a
Snake:1:  layout_layer_cave, nicolae_integral_box
Snake:2:  layout_layer_cave, serial_shops, nicolae_shop_tiny_real_fake_doors,
          st_stairs_3, nicolae_shop_clearance
Snake:3:  layout_honeycomb
Snake:4:  snake_pit_salamanders_mu, layout_onion,
          hellmonk_ghost_happy_afterlife, nicolae_snake_gridmaze_entwining,
          uniq_aizul, uniq_nikola, uniq_louise
Orc:1:    layout_diamond_mine, serial_shops, shop
Orc:2:    st_orc_rangers, layout_diamond_mine, uniq_urug, uniq_sonja

Notes
Turn   | Place    | Note
-------+----------+-------------------------------------------
     0 | D:1      | spiderkeys the Demonspawn Gladiator began the quest for the
                  | Orb.
     0 | D:1      | Reached XP level 1. HP: 16/16 MP: 1/1
     0 | D:1      | magus.rc [v1.11.3]
   210 | D:1      | Reached skill level 2 in Throwing
   210 | D:1      | Gained mutation: You have large cloven feet. [demonic
                  | ancestry]
   210 | D:1      | Reached XP level 2. HP: 21/22 MP: 2/2
   340 | D:1      | Reached skill level 3 in Polearms
   372 | D:1      | Reached skill level 3 in Dodging
   529 | D:1      | Gained mutation: You are partially covered in rugged brown
                  | scales. (AC +1, +3% HP) [demonic ancestry]
   529 | D:1      | Reached XP level 3. HP: 23/28 MP: 3/3
   802 | D:2      | Gained mutation: Your demonic aura sometimes causes spilled
                  | blood to erupt in flames. [demonic ancestry]
   802 | D:2      | Reached XP level 4. HP: 14/35 MP: 4/4
   811 | D:2      | Identified the ring of Gluttony {rC- Will+++ AC+4}
   931 | D:2      | Reached skill level 3 in Fighting
  1042 | D:2      | Noticed Jessica
  1043 | D:2      | Killed Jessica
  1106 | D:2      | Found an ancient bone altar of Kikubaaqudgha.
  1427 | D:2      | Noticed Robin
  1437 | D:2      | Killed Robin
  1562 | D:2      | Found a runed translucent door.
  1563 | D:2      | Noticed Crazy Yiuf
  1662 | D:2      | Killed Crazy Yiuf
  1663 | D:2      | Gained mutation: Your demonic aura often causes spilled
                  | blood to erupt in flames. [demonic ancestry]
  1663 | D:2      | Reached XP level 5. HP: 25/42 MP: 5/5
  1943 | D:3      | Reached skill level 4 in Polearms
  1957 | D:3      | Noticed Grinder
  1982 | D:3      | Killed Grinder
  1983 | D:3      | Reached skill level 4 in Fighting
  1983 | D:3      | Reached skill level 4 in Dodging
  1983 | D:3      | Gained mutation: You are mostly covered in rugged brown
                  | scales. (AC +2, +5% HP) [demonic ancestry]
  1983 | D:3      | Reached XP level 6. HP: 35/51 MP: 6/6
  2530 | D:3      | Reached XP level 7. HP: 57/57 MP: 7/7
  2842 | D:4      | Noticed Sigmund
  2851 | D:4      | Killed Sigmund
  2852 | D:4      | Reached skill level 5 in Fighting
  2852 | D:4      | Reached skill level 5 in Polearms
  2900 | D:4      | Identified the ring "Faghuot" {rF+ MP+9 Str+4 Int+3}
  2913 | D:4      | Found a sacrificial altar of Ru.
  2923 | D:4      | Reached skill level 5 in Dodging
  3437 | D:4      | You fall into a shaft and drop 3 floors!
  3488 | D:6      | Noticed a steam dragon
  3500 | D:6      | Killed a steam dragon
  3503 | D:6      | Reached XP level 8. HP: 62/67 MP: 8/8
  3631 | D:6      | Reached skill level 6 in Fighting
  3694 | D:5      | Entered Level 5 of the Dungeon
  3797 | D:5      | Reached skill level 6 in Polearms
  4092 | D:5      | Reached skill level 6 in Dodging
  4281 | D:5      | Noticed Blork the orc
  4307 | D:5      | Killed Blork the orc
  4623 | D:5      | Found a sparkling altar of Nemelex Xobeh.
  4623 | D:5      | Found a transporter.
  5045 | D:6      | Reached skill level 7 in Fighting
  5343 | D:6      | Reached XP level 9. HP: 61/74 MP: 9/9
  5561 | D:6      | Found a basalt altar of Yredelemnul.
  5563 | D:6      | Found a radiant altar of Vehumet.
  5701 | D:6      | Reached skill level 7 in Polearms
  5779 | D:7      | Reached skill level 7 in Dodging
  5983 | D:7      | Found a staircase to the Ecumenical Temple.
  6011 | Temple   | Entered the Ecumenical Temple
  6230 | Temple   | Became a worshipper of Sif Muna the Loreminder
  6535 | D:7      | Found the Hermit's Pendant {Faith Invo=14 Evo=0 MP+5}
  6666 | D:7      | Reached skill level 8 in Fighting
  6680 | D:7      | HP: 16/77 [killer bee (7)]
  6685 | D:7      | HP: 7/77 [poisoned by a killer bee]
  6690 | D:7      | HP: 4/77 [poisoned by a killer bee]
  7006 | D:7      | Identified the ring "Qimedgh" {Drain rPois rF+++ rC+
                  | Stlth-}
  7214 | D:8      | Noticed Maurice
  7465 | D:8      | Killed Maurice
  7501 | D:7      | Reached skill level 8 in Polearms
  7510 | D:7      | Reached skill level 8 in Dodging
  7576 | D:8      | Noticed a cyclops
  7593 | D:8      | Noticed Pikel
  7594 | D:8      | Killed a cyclops
  7595 | D:8      | Gained mutation: Spells you cast may paralyse adjacent
                  | enemies. [demonic ancestry]
  7595 | D:8      | Reached XP level 10. HP: 55/86 MP: 20/20
  7778 | D:7      | Killed Pikel
  7779 | D:7      | Reached skill level 9 in Fighting
  7949 | D:8      | Reached * piety under Sif Muna
  8160 | D:8      | Found a runed translucent door.
  8160 | D:8      | Noticed greasedhog's ghost (novice OgFi)
  8179 | D:8      | Found Miplip's Book Shop.
  8438 | D:9      | Found an ornate altar of the Wu Jian Council.
  8520 | D:9      | Reached skill level 9 in Polearms
  8522 | D:9      | Reached skill level 9 in Dodging
  8764 | D:9      | Noticed a two-headed ogre
  8773 | D:9      | Killed a two-headed ogre
  8774 | D:9      | Reached skill level 10 in Fighting
  9169 | D:9      | Reached XP level 11. HP: 75/95 MP: 21/21
  9314 | D:9      | Noticed a two-headed ogre
  9651 | D:9      | Reached ** piety under Sif Muna
  9814 | D:9      | Killed a two-headed ogre
  9978 | D:10     | Entered Level 10 of the Dungeon
 10053 | D:10     | Gained mutation: Your magical capacity is low. (-10% MP)
                  | [potion of mutation]
 10053 | D:10     | Gained mutation: Your mind is acute. (Int +4, Str/Dex -1)
                  | [potion of mutation]
 10053 | D:10     | Gained mutation: You have hidden genetic potential. [potion
                  | of mutation]
 10053 | D:10     | Gained mutation: You have a pair of small horns on your
                  | head. [potion of mutation]
 10116 | D:10     | Noticed Gastronok
 10132 | D:10     | Killed Gastronok
 10133 | D:10     | Reached skill level 10 in Polearms
 10133 | D:10     | Reached skill level 10 in Dodging
 10179 | D:10     | You pick up a book of Air and begin reading...
 10179 | D:10     | You add the spells Shock, Swiftness and Airstrike to your
                  | library.
 10412 | D:10     | Found a shimmering altar of Xom.
 10417 | D:10     | Found an ancient bone altar of Kikubaaqudgha.
 10541 | D:10     | Found a staircase to the Lair.
 10630 | D:10     | Reached skill level 11 in Fighting
 10634 | D:10     | Noticed a two-headed ogre
 10639 | D:10     | Killed a two-headed ogre
 10678 | D:10     | Found Eroeraa's Antique Weapon Boutique.
 11250 | D:11     | You pick up a book of Fire and begin reading...
 11250 | D:11     | You add the spells Foxfire, Plasma Beam and Starburst to
                  | your library.
 11271 | D:11     | Found a staircase to the Orcish Mines.
 11327 | D:11     | Found Muelolet's Armour Emporium.
 11344 | D:11     | You pick up a book of the Moon and begin reading...
 11344 | D:11     | You add the spells Passage of Golubria, Silence and
                  | Lehudib's Crystal Spear to your library.
 11411 | D:11     | Reached *** piety under Sif Muna
 11472 | D:11     | Found the +5 robe of Night {Dark Will+ SInv}
 11939 | D:11     | You pick up a book of Blasting and begin reading...
 11939 | D:11     | You add the spells Volatile Blastmotes, Fulminant Prism and
                  | Iskenderun's Mystic Blast to your library.
 12213 | D:12     | Noticed a deep elf pyromancer
 12222 | D:12     | Killed a deep elf pyromancer
 12223 | D:12     | Reached skill level 1 in Stealth
 12223 | D:12     | Reached skill level 1 in Spellcasting
 12263 | D:12     | Noticed a sphinx
 12270 | D:12     | Killed a sphinx
 12271 | D:12     | Reached skill level 2 in Stealth
 12271 | D:12     | Gained mutation: You are completely covered in rugged brown
                  | scales. (AC +3, +7% HP) [demonic ancestry]
 12271 | D:12     | Reached XP level 12. HP: 65/107 MP: 20/20
 12445 | D:12     | You add the spells Blink and Manifold Assault to your
                  | library.
 12684 | D:12     | Noticed Erolcha
 12755 | D:11     | Reached skill level 2 in Spellcasting
 12913 | Orc:1    | Entered Level 1 of the Orcish Mines
 13185 | Orc:2    | Entered Level 2 of the Orcish Mines
 13200 | Orc:2    | Noticed Urug
 13204 | Orc:2    | Noticed Sonja
 13217 | Orc:2    | Killed Sonja
 13218 | Orc:2    | Reached skill level 11 in Polearms
 13218 | Orc:2    | Reached skill level 11 in Dodging
 13229 | Orc:2    | Killed Urug
 13231 | Orc:2    | a +4 eveningstar {rare}; a +2 scale mail of fire
                  | resistance; the orc corpse of Urug
 13237 | Orc:2    | Gained mutation: You possess an exceptional clarity of
                  | mind. [hidden potential]
 13321 | Orc:2    | Reached skill level 3 in Stealth
 13419 | Orc:2    | a +4 eveningstar {rare}; a +2 scale mail of fire
                  | resistance; the orc corpse of Urug
 13419 | Orc:2    | a +4 eveningstar {rare}; a +2 scale mail of fire
                  | resistance; the orc corpse of Urug
 13519 | Orc:2    | Reached **** piety under Sif Muna
 13543 | Orc:1    | Found Ynguis's Assorted Antiques.
 13631 | Orc:1    | Bought a scroll of identify for 64 gold pieces
 13631 | Orc:1    | Bought a puce potion for 28 gold pieces
 13631 | Orc:1    | Bought a glowing inky potion for 28 gold pieces
 13631 | Orc:1    | Bought a scroll of identify for 64 gold pieces
 13902 | Orc:2    | Noticed a two-headed ogre
 13910 | Orc:2    | Killed a two-headed ogre
 13911 | Orc:2    | Reached skill level 3 in Spellcasting
 14554 | Orc:2    | Reached skill level 4 in Stealth
 14669 | Orc:2    | Reached ***** piety under Sif Muna
 14675 | Orc:2    | Received a gift from Sif Muna
 14676 | Orc:2    | You add the spells Confusing Touch, Tukima's Dance, Arcjolt
                  | and Metabolic Englaciation to your library.
 14676 | Orc:2    | Got Sif Muna's Handbook of Brilliant Fascination {god gift}
 14775 | Orc:2    | Found a staircase to the Elven Halls.
 14790 | Orc:2    | Reached skill level 4 in Spellcasting
 15354 | Orc:2    | Found Ithoth's Magic Scroll Shoppe.
 15354 | Orc:2    | Found Ycu Tofi's Book Boutique.
 15354 | Orc:2    | Found Emidue's Weapon Shop.
 15356 | Orc:2    | Found Rolugofea's Assorted Antiques.
 15360 | Orc:2    | Bought a scroll of teleportation for 45 gold pieces
 15361 | Orc:2    | Bought Foss's Spellbook of Alteration for 288 gold pieces
 15361 | Orc:2    | You add the spells Irradiate and Yara's Violent Unravelling
                  | to your library.
 15367 | Orc:2    | Learned a level 5 spell: Irradiate
 15374 | Orc:2    | Bought a scroll labelled DEEFIUCOSCH for 39 gold pieces
 15374 | Orc:2    | Acquired a manual of Fighting
 15678 | D:12     | Noticed Rupert
 15887 | D:12     | Killed Rupert
 15888 | D:12     | Reached skill level 5 in Stealth
 15888 | D:12     | Reached skill level 1 in Conjurations
 15888 | D:12     | Reached skill level 1 in Transmutations
 16177 | D:12     | Killed Erolcha
 16178 | D:12     | Reached XP level 13. HP: 113/113 MP: 21/21
 16268 | D:13     | Reached skill level 2 in Conjurations
 16878 | D:12     | Reached skill level 5 in Spellcasting
 16878 | D:12     | Reached skill level 2 in Transmutations
 16893 | D:13     | Received a gift from Sif Muna
 16894 | D:13     | You add the spells Kiss of Death, Dispel Undead, Agony,
                  | Simulacrum, Death Channel and Death's Door to your library.
 16894 | D:13     | Got Sif Muna's Collected Works on the Autopsy {god gift}
 17075 | D:12     | Learned a level 4 spell: Dispel Undead
 17106 | D:13     | Gained mutation: You have hoof-like feet. [hidden
                  | potential]
 17106 | D:13     | Lost mutation: You have hidden genetic potential. [hidden
                  | potential expressed]
 17288 | D:13     | Reached skill level 1 in Necromancy
 17325 | D:13     | Reached skill level 3 in Conjurations
 17445 | D:13     | Reached skill level 12 in Polearms
 17505 | D:13     | Identified the +2 pair of gloves of Misanthropy {Will+
                  | Dex+3}
 17586 | D:13     | Found a gate to the Vaults.
 17590 | D:13     | Reached skill level 12 in Dodging
 17590 | D:13     | Reached skill level 2 in Necromancy
 17607 | D:13     | Reached skill level 3 in Transmutations
 18134 | D:13     | Reached skill level 3 in Necromancy
 18209 | D:13     | Reached skill level 4 in Conjurations
 18449 | D:13     | Noticed Nessos
 18500 | D:13     | Killed Nessos
 18589 | D:13     | Identified the +7 short sword of the Coin {freeze, rPois
                  | Int+3 Dex-4}
 18922 | D:14     | Reached skill level 4 in Transmutations
 18947 | D:14     | You pick up a book of the Tundra and begin reading...
 18947 | D:14     | You add the spells Hailstorm and Summon Ice Beast to your
                  | library.
 19021 | D:14     | Reached skill level 4 in Necromancy
 19076 | D:14     | You pick up a book of Cantrips and begin reading...
 19076 | D:14     | You add the spells Necrotise, Summon Small Mammal and
                  | Apportation to your library.
 19195 | Lair:1   | Entered Level 1 of the Lair of Beasts
 19374 | Lair:1   | Noticed Erica
 19406 | Lair:1   | Killed Erica
 19407 | Lair:1   | Reached skill level 5 in Conjurations
 19513 | Lair:1   | Reached skill level 5 in Necromancy
 19676 | Lair:1   | Reached skill level 5 in Transmutations
 20314 | Lair:2   | Reached skill level 6 in Conjurations
 20512 | Lair:2   | Reached skill level 6 in Necromancy
 20616 | Lair:2   | Found a staircase to the Snake Pit.
 20864 | Lair:2   | Reached XP level 14. HP: 115/120 MP: 22/22
 21101 | Lair:2   | Received a gift from Sif Muna
 21102 | Lair:2   | You add the spells Dazzling Flash, Flame Wave and Chain
                  | Lightning to your library.
 21102 | Lair:2   | Got Sif Muna's Spellbook of Battling {god gift}
 21294 | Lair:2   | Reached skill level 6 in Transmutations
 21424 | Lair:3   | You pick up a book of Hexes and begin reading...
 21424 | Lair:3   | You add the spells Anguish, Cause Fear and Enfeeble to your
                  | library.
 21733 | Lair:3   | Reached skill level 7 in Conjurations
 21744 | Lair:3   | Reached skill level 7 in Necromancy
 21748 | Lair:3   | HP: 27/120 [yak (8)]
 22038 | Lair:3   | Found a staircase to the Shoals.
 22268 | Lair:3   | You fall into a shaft and drop 2 floors!
 22268 | Lair:5   | Entered Level 5 of the Lair of Beasts
 22315 | Lair:5   | Found a gate leading to a gauntlet.
 22323 | Gauntlet | Entered a Gauntlet
 22323 | Gauntlet | Found a transporter.
 22323 | Gauntlet | Found a transporter.
 22474 | Gauntlet | Found a transporter.
 22474 | Gauntlet | Found a transporter.
 22482 | Gauntlet | Found a transporter.
 22485 | Gauntlet | Found a transporter.
 22491 | Gauntlet | Found a runed translucent gate.
 22492 | Gauntlet | Found a runed translucent gate.
 22493 | Gauntlet | Found a transporter.
 22501 | Gauntlet | Found a runed translucent gate.
 22556 | Gauntlet | Found a transporter.
 22605 | Gauntlet | Found a transporter.
 22815 | Gauntlet | Found a transporter.
 22868 | Gauntlet | Gained mutation: You are clumsy. (Dex -2) [a neqoxec]
 22869 | Gauntlet | Found a transporter.
 22870 | Gauntlet | Lost mutation: You are clumsy. (Dex -2) [a neqoxec]
 22892 | Gauntlet | Found a transporter.
 22894 | Gauntlet | Identified the +2 pair of gloves of Kikubaaqudgha {Contam
                  | Rampage rPois}
 22940 | Gauntlet | HP: 20/120 [molten gargoyle/bolt of magma (14)]
 23139 | Gauntlet | Identified the +3 broad axe "Wunokaor" {freeze, rElec
                  | rCorr}
 23139 | Gauntlet | Identified a +1 crystal plate armour
 23368 | Gauntlet | R - a +1 crystal plate armour {rare}
 23383 | Gauntlet | You drop a +1 crystal plate armour {rare}.
 23384 | Gauntlet | Identified the ring of the Lily {Will+ Int+4 Dex-4 SInv}
 23393 | Gauntlet | quicksilver dragon scales {rare}; a minotaur skeleton
 23394 | Gauntlet | quicksilver dragon scales {rare}; a minotaur skeleton
 23394 | Gauntlet | Could not pick up quicksilver dragon scales {rare} here;
                  | ([A]lways) ignore it?
 23396 | Gauntlet | quicksilver dragon scales {rare}; a minotaur skeleton
 23400 | Gauntlet | quicksilver dragon scales {rare}; a minotaur skeleton
 23400 | Gauntlet | Could not pick up quicksilver dragon scales {rare} here;
                  | ([A]lways) ignore it?
 23400 | Gauntlet | Could not pick up quicksilver dragon scales {rare} here;
                  | ([A]lways) ignore it?
 23400 | Gauntlet | quicksilver dragon scales {rare}; a minotaur skeleton
 23450 | Lair:5   | Reached skill level 7 in Transmutations
 23796 | Lair:5   | Reached skill level 8 in Necromancy
 23836 | Lair:5   | Reached skill level 8 in Conjurations
 24288 | Lair:5   | Received a gift from Sif Muna
 24289 | Lair:5   | You add the spells Magic Dart, Leda's Liquefaction and
                  | Iskenderun's Battlesphere to your library.
 24289 | Lair:5   | Got Sif Muna's Cyclopedia of Fulgent Curses {god gift}
 24723 | Lair:5   | Found a runed translucent door.
 24769 | Lair:5   | Reached skill level 8 in Transmutations
 25072 | Lair:5   | You pick up a book of Decay and begin reading...
 25128 | Lair:5   | Reached skill level 9 in Conjurations
 25329 | Lair:5   | Paralysed by a hornet for 3 turns
 25343 | Lair:5   | HP: 28/120 [tyrant leech (22)]
 25356 | Lair:5   | HP: 27/120 [hornet (7)]
 25739 | Lair:5   | You add the spells Haunt and Borgnjor's Revivification to
                  | your library.
 26399 | Lair:4   | Reached XP level 15. HP: 127/127 MP: 22/22
 27002 | Lair:4   | Found a viscous altar of Jiyva.
 27003 | Lair:4   | Found a staircase to the Slime Pits.
 27338 | Lair:4   | Reached skill level 13 in Polearms
 27428 | Lair:4   | Received a gift from Sif Muna
 27429 | Lair:4   | Reached skill level 9 in Transmutations
 27429 | Lair:4   | You add the spells Call Imp, Sticky Flame, Animate Armour,
                  | Monstrous Menagerie and Malign Gateway to your library.
 27429 | Lair:4   | Got Sif Muna's Enchiridion on Phantasmal Conflagration {god
                  | gift}
 28432 | Orc:2    | Bought the +10 glaive of Oshuts {freeze, rPois rN+ Int-2}
                  | for 1093 gold pieces
 28622 | D:14     | Reached skill level 10 in Conjurations
 28866 | D:14     | Reached skill level 6 in Spellcasting
 29580 | D:15     | Entered Level 15 of the Dungeon
 29757 | D:15     | Received a gift from Sif Muna
 29758 | D:15     | You add the spells Passwall, Ignite Poison, Summon
                  | Lightning Spire, Alistair's Intoxication, Spellforged
                  | Servitor and Summon Horrible Things to your library.
 29758 | D:15     | Got Sif Muna's Guide on Moulding and the Swarm {god gift}
 29970 | D:15     | Found a frozen archway.
 30035 | IceCv    | Entered an ice cave
 30295 | IceCv    | Reached skill level 10 in Transmutations
 30365 | IceCv    | Noticed an azure jelly
 30524 | IceCv    | Noticed an azure jelly
 30547 | IceCv    | HP: 28/127 [azure jelly[an orange crystal statue] (7)]
 30554 | IceCv    | Gained mutation: Your magical capacity is very low. (-20%
                  | MP) [mutagenic glow]
 31004 | IceCv    | Reached skill level 7 in Spellcasting
 31026 | IceCv    | HP: 23/127 [slime creature (12)]
 31719 | IceCv    | Noticed a rockslime
 31726 | IceCv    | Noticed an azure jelly
 31907 | IceCv    | Killed an azure jelly
 31972 | IceCv    | Killed a rockslime
 32064 | IceCv    | Noticed an azure jelly
 32068 | IceCv    | Killed an azure jelly
 32069 | IceCv    | Reached skill level 14 in Polearms
 32221 | IceCv    | Found a viscous altar of Jiyva.
 32234 | IceCv    | Noticed an azure jelly
 32240 | IceCv    | Killed an azure jelly
 32294 | IceCv    | Identified the ring "Ezio" {rCorr Int+6 Dex+3}
 32300 | IceCv    | Got the ring "Qogits" {Ice rElec Will- Int+3}
 32527 | D:15     | Reached skill level 8 in Spellcasting
 32549 | D:15     | Mutation became permanent: You have large cloven feet.
                  | [demonic ancestry]
 32549 | D:15     | Gained mutation: You have hoof-like feet. [demonic
                  | ancestry]
 32549 | D:15     | Reached XP level 16. HP: 55/134 MP: 22/22
 32774 | D:15     | Found a staircase to the Depths.
 32795 | D:15     | Received a gift from Sif Muna
 32796 | D:15     | You add the spells Slow and Borgnjor's Vile Clutch to your
                  | library.
 32796 | D:15     | Got Sif Muna's Volume of the Cursed Cemetery {god gift}
 32800 | D:15     | Reached skill level 9 in Spellcasting
 32816 | D:15     | Learned a level 5 spell: Yara's Violent Unravelling
 32953 | D:15     | Noticed Josephine
 32955 | D:15     | Killed Josephine
 33037 | D:15     | Reached skill level 1 in Hexes
 33059 | D:15     | HP: 23/134 [skeletal warrior/+0 long sword (12)]
 33454 | D:15     | Noticed Jorgrun
 33468 | D:15     | Killed Jorgrun
 33913 | D:15     | Found a sacrificial altar of Ru.
 34039 | D:15     | magus.rc [v1.11.3]
 34235 | Snake:1  | Entered Level 1 of the Snake Pit
 34323 | Snake:1  | Reached skill level 2 in Hexes
 34512 | Snake:1  | HP: 33/134 [poisoned by a black mamba]
 35006 | Snake:1  | Received a gift from Sif Muna
 35007 | Snake:1  | HP: 31/134 [naga mage/+0 trident (9)]
 35272 | Snake:1  | You add the spells Sublimation of Blood, Vhi's Electric
                  | Charge, Conjure Ball Lightning, Maxwell's Capacitive
                  | Coupling and Infestation to your library.
 35272 | Snake:1  | Got Sif Muna's Directory of Electricity and Zombies {god
                  | gift}
 35421 | Snake:1  | Reached skill level 3 in Hexes
 35573 | Snake:1  | Reached skill level 9 in Necromancy
 35817 | Snake:2  | Found Tossueg's CLEARANCE SALE!.
 35858 | Snake:2  | You pick up a book of Cantrips and begin reading...
 35904 | Snake:2  | Learned a level 6 spell: Death Channel
 37047 | Snake:2  | Reached skill level 10 in Spellcasting
 37050 | Snake:2  | Reached skill level 4 in Hexes
 37079 | Snake:2  | Found Loello's Magic Scroll Boutique.
 37164 | Snake:2  | Upgraded the game from 0.31-a0-246-g8cbcc1cb85 to
                  | 0.31-a0-263-ge8cad7f256
 37164 | Snake:2  | magus.rc [v1.11.3]
 38195 | Snake:3  | magus.rc [v1.11.3]
 38518 | Snake:4  | Entered Level 4 of the Snake Pit
 38568 | Snake:4  | Noticed Caumakya's ghost (adept MiFi)
 38831 | Snake:4  | magus.rc [v1.11.3]
 38853 | Snake:4  | Found a runed translucent door.
 38901 | Snake:4  | Noticed Aizul
 38914 | Snake:4  | Killed Aizul
 38914 | Snake:4  | Received a gift from Sif Muna
 38915 | Snake:4  | You add the spells Stone Arrow, Petrify and Fire Storm to
                  | your library.
 38915 | Snake:4  | Got Sif Muna's Spellbook of Puissant Changing {god gift}
 39065 | Snake:4  | Noticed Nikola
 39069 | Snake:4  | HP: 33/134 [Nikola/bolt of lightning (25)]
 39074 | Snake:4  | HP: 7/134 [Nikola/bolt of lightning (35)]
 39074 | Snake:4  | Killed from afar by Nikola

Vanquished Creatures
  Rupert (D:12)
  Jorgrun (D:15)
  A sphinx (D:12)
  Gastronok (D:10)
  Aizul (Snake:4)
  3 azure jellies (IceCv)
  A rockslime (IceCv)
  A caustic shrike zombie (D:15)
  3 quicksilver oozes (IceCv)
  Nessos (D:13)
  Josephine (D:15)
  An ice dragon (Lair:5)
  A jorogumo (Gauntlet)
  Erolcha (D:12)
  5 centaur warriors
  3 catoblepae
  5 hydras
  2 ogre magi
  4 boulder beetles
  6 anacondas
  A naga warrior (Snake:3)
  Erica (Lair:1)
  8 two-headed ogres
  A vampire mage (D:15)
  Urug (Orc:2)
  2 naga sharpshooters
  A death yak (Lair:4)
  A storm dragon zombie (D:15)
  4 shock serpents
  Sonja (Orc:2)
  7 skysharks
  7 skeletal warriors
  A deep elf archer (D:12)
  5 naga ritualists
  3 orc knights
  A lindwurm (Lair:5)
  An orange crystal statue (IceCv)
  An iron dragon zombie (D:15)
  A necromancer (D:15)
  5 mana vipers
  Pikel (D:7)
  3 deep elf zephyrmancers (D:13)
  A wolf spider (Lair:5)
  8 ugly things
  5 deep elf pyromancers
  4 cyclopes
  10 elephants (Lair:4)
  Maurice (D:8)
  4 salamanders
  6 manticores
  15 black mambas
  An ice statue (D:15)
  4 guardian serpents
  13 naga magi
  5 torpor snails (Lair:5)
  18 cane toads
  A rime drake (Lair:2)
  11 komodo dragons
  4 yaktaurs (D:13)
  2 kobold demonologists
  A freezing wraith (D:14)
  A queen bee (shapeshifter) (D:13)
  3 polar bears
  10 hornets
  4 trolls
  A tyrant leech (shapeshifter) (D:13)
  A queen bee (D:10)
  A wind drake (Lair:3)
  A raiju (shapeshifter) (D:13)
  7 blink frogs
  4 tyrant leeches (Lair:5)
  Grinder (D:3)
  4 dream sheep (D:11)
  28 slime creatures
  5 flying skulls (Gauntlet)
  An ettin zombie (D:15)
  A spriggan (Lair:3)
  A vampire (D:9)
  2 shadows (D:11)
  A water elemental (D:13)
  Sigmund (D:4)
  7 wraiths
  5 basilisks
  55 yaks
  15 wyverns
  A yak (shapeshifter) (D:14)
  4 steam dragons
  3 redbacks (Lair:5)
  2 chaos spawn (Gauntlet)
  3 vampire mosquitoes
  A neqoxec (Gauntlet)
  A warg (Orc:1)
  26 nagas
  An acid dragon (D:14)
  23 water moccasins
  37 orc warriors
  An ice beast (D:5)
  4 black bears
  4 great orb of eyes simulacra (IceCv)
  A boggart (D:13)
  10 ogres
  32 wolves
  27 centaurs
  2 lemures (D:7)
  5 slime creature simulacra (IceCv)
  Blork the orc (D:5)
  5 kobold brigands
  2 gnoll sergeants
  16 bullfrogs
  2 scorpions (D:5)
  4 glowing shapeshifter simulacra (IceCv)
  16 wights
  30 killer bees
  2 howler monkeys
  5 electric eels
  2 lava snakes (D:14)
  2 hounds
  A gnoll bouda (D:6)
  13 orc priests
  Crazy Yiuf (D:2)
  A jelly (D:5)
  4 iguanas
  Jessica (D:2)
  A sleepcap (D:5)
  14 orc wizards
  A hound zombie (D:3)
  Robin (D:2)
  An adder (D:3)
  10 gnolls
  A shadow imp (D:5)
  2 white imps (D:5)
  3 worms
  2 dart slugs (D:1)
  67 orcs
  2 endoplasms
  5 giant cockroaches
  18 goblins
  6 hobgoblins
  9 kobolds
  8 quokkas
  6 ball pythons
  3 bats
  4 frilled lizards
  A jackal zombie (D:3)
  7 rats
842 creatures vanquished.

Vanquished Creatures (collateral kills)
  A naga sharpshooter (Snake:2)
  A naga ritualist (Snake:2)
  2 naga magi (Snake:2)
  A black mamba (Snake:2)
  A naga (Snake:2)
6 creatures vanquished.

Vanquished Creatures (others)
  A molten gargoyle (Gauntlet)
  An orc (Orc:2)
2 creatures vanquished.

Grand Total: 850 creatures vanquished

Table legend:
 A = Non-vault XP
 B = Vault XP
 C = Vault XP percentage of total XP
 D = Non-vault monster count
 E = Vault monster count
 F = Vault count percentage of total count
                 A         B        C        D         E       F
            +---------+---------+-------+---------+---------+-------
      Total |  128789 |   81390 |  38.7 |     568 |     279 |  32.9
            +---------+---------+-------+---------+---------+-------
        D:1 |      41 |       0 |   0.0 |      24 |       0 |   0.0
        D:2 |      90 |     104 |  53.6 |      26 |       9 |  25.7
        D:3 |      86 |     420 |  83.0 |      11 |      12 |  52.2
        D:4 |      43 |     398 |  90.2 |       3 |       7 |  70.0
        D:5 |     736 |     100 |  12.0 |      13 |       1 |   7.1
        D:6 |    1173 |      44 |   3.6 |      19 |       1 |   5.0
        D:7 |    1580 |     617 |  28.1 |      23 |       1 |   4.2
        D:8 |    1947 |     689 |  26.1 |      18 |       2 |  10.0
        D:9 |    3236 |    2567 |  44.2 |      22 |      16 |  42.1
       D:10 |    1858 |    2707 |  59.3 |      11 |      12 |  52.2
       D:11 |    1317 |    1456 |  52.5 |      17 |       6 |  26.1
       D:12 |    3255 |    5061 |  60.9 |      11 |       4 |  26.7
       D:13 |    5213 |    6383 |  55.0 |      17 |      18 |  51.4
       D:14 |   13705 |       0 |   0.0 |      28 |       0 |   0.0
       D:15 |   16422 |    9622 |  36.9 |      42 |      15 |  26.3
     Lair:1 |    5766 |    1794 |  23.7 |      35 |       3 |   7.9
     Lair:2 |    5925 |    1870 |  24.0 |      16 |      13 |  44.8
     Lair:3 |    4905 |    2637 |  35.0 |      17 |      13 |  43.3
     Lair:4 |   11329 |    2442 |  17.7 |      38 |       6 |  13.6
     Lair:5 |    9616 |   16227 |  62.8 |      28 |      53 |  65.4
    Snake:1 |   14429 |       0 |   0.0 |      32 |       0 |   0.0
    Snake:2 |   11747 |    1408 |  10.7 |      26 |       3 |  10.3
    Snake:3 |    5735 |       0 |   0.0 |      14 |       0 |   0.0
    Snake:4 |    4234 |    1398 |  24.8 |       7 |       1 |  12.5
      Orc:1 |    1095 |       0 |   0.0 |      18 |       0 |   0.0
      Orc:2 |    2602 |    6235 |  70.6 |      49 |      39 |  44.3
      IceCv |     704 |   13551 |  95.1 |       3 |      33 |  91.7
   Gauntlet |       0 |    3660 | 100.0 |       0 |      11 | 100.0
            +---------+---------+-------+---------+---------+-------

Skill      XL: |  1  2  3  4  5  6  7  8  9 10 11 12 13 14 15 16 |
---------------+-------------------------------------------------+-----
Throwing       | 2 |  2.0
Polearms       | 3 4 5 6 8 9 10 11 12 14 | 14.0
Dodging        | 3 4 5 6 8 9 10 11 12 | 12.7
Fighting       | 3 4 5 7 8 10 11 | 11.5
Stealth        | 2 5 |  5.0
Spellcasting   | 1 4 5 8 10 | 10.0
Conjurations   | 1 6 9 10 | 10.0
Transmutations | 1 5 8 10 | 10.9
Necromancy     | 6 8 9 |  9.8
Hexes          | 4 |  4.7

Action                     |  1- 3 |  4- 6 |  7- 9 | 10-12 | 13-15 | 16-18 || total
---------------------------+-------+-------+-------+-------+-------+-------++-------
  Melee: Trident           |   106 |   139 |   303 |   808 |  1390 |       ||  2746
         Kick              |    15 |    24 |    64 |   228 |   636 |    92 ||  1059
         Punch             |     1 |     2 |       |     5 |    24 |       ||    32
         Headbutt          |       |       |       |    93 |   411 |    57 ||   561
         Glaive            |       |       |       |       |   218 |   329 ||   547
  Throw: Dart              |       |       |     4 |    20 |     7 |       ||    31
         Javelin           |       |       |     2 |       |       |       ||     2
         Boomerang         |       |       |       |       |     2 |       ||     2
   Cast: Irradiate         |       |       |       |       |    27 |    18 ||    45
         Dispel Undead     |       |       |       |       |     2 |       ||     2
         Death Channel     |       |       |       |       |       |     5 ||     5
  Evoke: Wand              |       |     4 |       |     8 |     5 |       ||    17
         Lightning rod     |       |       |       |       |     2 |       ||     2
    Use: Scroll            |     4 |     1 |     5 |    11 |     7 |     2 ||    30
         Potion            |       |       |     2 |     8 |     7 |     3 ||    20
   Stab: Sleeping          |     2 |     2 |     2 |     3 |    17 |     3 ||    29
         Distracted        |       |       |       |     1 |     2 |     6 ||     9
         Petrifying        |       |       |       |       |     1 |     2 ||     3
         Paralysed         |       |       |       |       |     6 |     9 ||    15
         Petrified         |       |       |       |       |       |     3 ||     3
 Armour: Leather armour    |    28 |     3 |       |       |       |       ||    31
         Ring mail         |       |    22 |   152 |    75 |       |       ||   249
         Troll leather arm |       |       |       |    29 |       |       ||    29
         Robe              |       |       |       |   132 |   382 |    85 ||   599
  Dodge: Dodged            |    80 |    53 |   225 |   627 |   954 |   224 ||  2163
  Block: Buckler           |       |       |       |       |    29 |       ||    29

Illustrated notes

Table legend:
 A = Kills in this place as a percentage of kills in the entire game.
 B = Kills by you in this place as a percentage of kills by you in the entire game.
 C = Kills by friends in this place as a percentage of kills by friends in the entire game.
 D = Other kills in this place as a percentage of other kills in the entire game.
 E = Experience gained in this place as a percentage of experience gained in the entire game.
 F = Experience gained in this place divided by the number of levels of this place that you have seen.
                   A       B       C       D       E      F
               +-------+-------+-------+-------+-------+----------------------
         Total | 100.0 | 100.0 | 100.0 | 100.0 | 100.0 | 7247.6
       Dungeon |  45.9 |  46.3 |   0.0 |   0.0 |  38.5 | 5391.3
          Lair |  26.2 |  26.4 |   0.0 |   0.0 |  29.7 | 12502.2
     Snake Pit |   9.8 |   9.2 | 100.0 |   0.0 |  18.5 | 9737.8
  Orcish Mines |  12.5 |  12.6 |   0.0 |   0.0 |   4.7 | 4966.0
      Ice Cave |   4.3 |   4.3 |   0.0 |   0.0 |   6.8 | 14255.0
      Gauntlet |   1.3 |   1.2 |   0.0 | 100.0 |   1.7 | 3660.0
               +-------+-------+-------+-------+-------+----------------------

Table legend: (Time is in decaauts)
 A = Elapsed time spent in this place.
 B = Non-inter-level travel time spent in this place.
 C = Inter-level travel time spent in this place.
 D = Time resting spent in this place.
 E = Time spent auto-exploring this place.
 F = Levels seen in this place.
 G = Mean time per level.
                   A        B        C        D        E       F      G
               +--------+--------+--------+--------+--------+-----+--------+
         Total |  38652 |  37082 |   1570 |   6747 |  23482 |  29 | 1332.8 |
       Dungeon |  19681 |  18779 |    902 |   2930 |  12344 |  15 | 1312.1 |
        Temple |    234 |    231 |      3 |      3 |    178 |   1 |  234.0 |
          Lair |   7824 |   7565 |    259 |    520 |   5846 |   5 | 1564.8 |
     Snake Pit |   4843 |   4744 |     99 |    939 |   3151 |   4 | 1210.8 |
  Orcish Mines |   2689 |   2384 |    305 |    449 |   1387 |   2 | 1344.5 |
      Ice Cave |   2293 |   2293 |      0 |   1396 |    335 |   1 | 2293.0 |
      Gauntlet |   1084 |   1084 |      0 |    510 |    241 |   1 | 1084.0 |
               +--------+--------+--------+--------+--------+-----+--------+

Top non-repeatable levels by time:
  Lair:5: 2858 daAuts
   IceCv: 2293 daAuts
    D:15: 2128 daAuts
    D:12: 2095 daAuts
   Orc:2: 1804 daAuts
    D:13: 1770 daAuts
 Snake:2: 1763 daAuts
     D:7: 1662 daAuts
 Snake:1: 1554 daAuts
     D:9: 1466 daAuts
  Lair:4: 1393 daAuts
    D:11: 1346 daAuts
  Lair:3: 1322 daAuts
     D:5: 1272 daAuts
    D:14: 1258 daAuts
